 Dungeon Crawl Stone Soup version 0.30.2 (webtiles) character file.

Game seed: 4439669840553742687

39 porpoise the Caller (level 3, -1/24 HPs)
             Began as a Demonspawn Summoner on Feb 2, 2024.
             Succumbed to an adder's poison
             ... on level 2 of the Dungeon.
             The game lasted 00:04:46 (1234 turns).

porpoise the Caller (Demonspawn Summoner)           Turns: 1234, Time: 00:04:46

Health: -1/24      AC:  2    Str:  8    XL:     3   Next: 26%
Magic:  4/7        EV: 12    Int: 18    God:
Gold:   111        SH:  0    Dex: 13    Spells: 1/7 levels left

rFire   . . .        a - +0 short sword
rCold   . . .        (no shield)
rNeg    . . .        h - +0 robe
rPois   .            (no helmet)
rElec   .            (no cloak)
rCorr   +            (no gloves)
SInv    .            (no boots)
Will    .....        (no amulet)
Stlth   ++           j - ring of resist corrosion
HPRegen 0.24/turn    (no ring)
MPRegen 0.10/turn

%: no passive effects
@: lethally poisoned (-1 -> -17)
A: weakness stinger 2
a: no special abilities


You were on level 2 of the Dungeon.
You visited 1 branch of the dungeon, and saw 2 of its levels.

You collected 111 gold pieces.

Inventory:

Hand Weapons
 a - a +0 short sword (weapon)
Armour
 h - a +0 robe (worn)
Jewellery
 j - a ring of resist corrosion (left hand)
Scrolls
 c - a scroll of fear {unknown}
 f - a scroll of silence {unknown}
 g - a scroll of enchant weapon {unknown}
 i - a scroll of identify {unknown}
 m - 2 scrolls of poison {unknown}
 n - a scroll of enchant armour {unknown}
Potions
 b - a potion of magic
 d - a potion of attraction {unknown}
 e - 2 potions of might {unknown}
 k - a potion of lignification {unknown}
 l - a potion of mutation {unknown}


   Skills:
 - Level 1.7 Dodging
 - Level 1.7 Stealth
 + Level 2.8 Spellcasting
 + Level 4.6 Summonings


You had one spell level left.
You knew the following spells:

 Your Spells              Type           Power      Damage    Failure   Level
a - Summon Small Mammal   Summ           76%        N/A       2%          1
b - Call Imp              Summ           38%        N/A       3%          2
c - Call Canine Familiar  Summ           19%        N/A       8%          3

Your spell library contained the following spells:

 Spells                   Type           Power      Damage    Failure   Level
 Summon Guardian Golem    Hex/Summ       10%        N/A       19%         3
 Sublimation of Blood     Necr           2%         N/A       26%         2
 Wereblood                Tmut           2%         N/A       26%         2
 Summon Lightning Spire   Summ/Air       10%        N/A       54%         4
 Summon Hydra             Summ           9%         N/A       100%        7


Dungeon Overview and Level Annotations

Branches:
Dungeon (2/15)

Altars:


Innate Abilities, Weirdness & Mutations

You have a tail ending in a sharp stinger.


Message History

Your cerulean imp barely misses the adder.
You miss the adder.
Your tail-slap misses the adder.
The adder is lightly wounded.
You feel sick. The adder barely misses you.
Your cerulean imp closely misses the adder.
The adder completely misses you.
You closely miss the adder.
The adder is lightly wounded.
You feel sick. The adder bites you but does no damage.
Your cerulean imp hits the adder but does no damage.
You miss the adder.
Your tail-slap misses the adder.
The adder is lightly wounded.
You feel sick. The adder bites you.
You are more poisoned.
The adder poisons you!
Your cerulean imp hits the adder but does no damage.
You closely miss the adder.
Your tail-slap misses the adder.
The adder is lightly wounded.
You feel sick. The adder bites you.
You are more poisoned.
The adder poisons you!
Your cerulean imp completely misses the adder.
You hit the adder.
The adder is moderately wounded.
You feel very sick. The adder bites you.
You are lethally poisoned!
The adder poisons you!
Your cerulean imp closely misses the adder.
The adder bites you.
* * * LOW HITPOINT WARNING * * *
You are more poisoned.
The adder poisons you! The adder attacks as you move away!
The adder barely misses you.
* * * LOW HITPOINT WARNING * * *
You feel very sick.
Your cerulean imp hits the adder but does no damage.
You closely miss the adder.
The adder is moderately wounded.
You die...

#. #.. #.# #.# # #.#
#.#.#########
#.###.#.#........
.......5S.#######.
#.#.###.#.@.........
#.#.# #.#.....#####
#.#.# #.#.###.# #.#.#
#.#.#<#.# #.#.#
#.#.#.#.# #.#.#
#.#.#.#.# #.#.#
#.#.#.#.#
#######.#.###.#.#.#.#
................#.#.#


You could see an adder (ally target) and a friendly cerulean imp (summoned).

Vanquished Creatures
  An endoplasm (D:1)
  A giant cockroach (D:1)
  A hobgoblin (D:1)
  3 kobolds (D:1)
  A frilled lizard (D:1)
7 creatures vanquished.

Vanquished Creatures (collateral kills)
  A dart slug (D:1)
  A ball python (D:1)
  7 giant cockroaches (D:1)
  A hobgoblin (D:1)
  2 jackals (D:1)
  A quokka (D:2)
  A frilled lizard (D:1)
  5 goblins (D:1)
  A kobold (D:1)
  5 rats (D:1)
25 creatures vanquished.

Grand Total: 32 creatures vanquished

Notes
Turn   | Place    | Note
-------+----------+-------------------------------------------
     0 | D:1      | porpoise the Demonspawn Summoner began the quest for the
                  | Orb.
     0 | D:1      | Reached XP level 1. HP: 13/13 MP: 3/3
   259 | D:1      | Gained mutation: You have a small tail. [demonic ancestry]
   259 | D:1      | Reached XP level 2. HP: 18/19 MP: 1/5
   616 | D:1      | Learned a level 2 spell: Call Imp
   655 | D:1      | Gained mutation: You have a tail ending in a sharp stinger.
                  | [demonic ancestry]
   655 | D:1      | Reached XP level 3. HP: 21/24 MP: 0/7
   787 | D:1      | Learned a level 3 spell: Call Canine Familiar
  1234 | D:2      | Succumbed to an adder's poison

Illustrated notes

Levels and vault maps discovered:
D:1:      dpeg_arrival_prison, layout_basic
D:2:      layout_basic

Action                     || total
---------------------------++-------
  Melee: Unarmed           ||    21
         Short sword       ||    24
         Punch             ||     1
   Cast: Summon Small Mamm ||    35
         Call Imp          ||     2
   Stab: Distracted        ||     1
         Sleeping          ||     1
 Armour: Robe              ||     7
  Dodge: Dodged            ||    31
